 Dungeon Crawl Stone Soup version 0.23.2-33-g5129a83184 (webtiles) character file.

Game seed: 8780728601367766271

149 FishyPogo the Covert (level 5, -1/39 HPs)
             Began as a Spriggan Assassin on July 28, 2019.
             Was a Follower of Zin.
             Slain by Grinder (5 damage)
             ... on level 4 of the Dungeon.
             The game lasted 00:19:31 (2911 turns).

FishyPogo the Covert (Spriggan Assassin)            Turns: 2911, Time: 00:19:32

Health: -1/39      AC: 22    Str:  8    XL:     5   Next: 9%
Magic:  15/15      EV:  4    Int: 12    God:    Zin [*.....]
Gold:   51         SH:  0    Dex: 18    Spells: 4/4 levels left

rFire    . . .     SeeInvis +   a - +2 dagger
rCold    . . .     Gourm    .   (shield restricted)
rNeg     + + +     Faith    .   (armour currently unavailable)
rPois    +         Spirit   .   (helmet currently unavailable)
rElec    .         Reflect  .   (cloak currently unavailable)
rCorr    .         Harm     .   (gloves unavailable)
MR       .....     NoTele   +   (boots unavailable)
Stlth    ++++......             (no amulet)
HPRegen  0.13/turn              q - ring of magical power
MPRegen  0.14/turn              (no ring)

@: tree-form
A: very small, unfitting armour, see invisible, herbivore, slow metabolism 2
a: Recite, Donate Gold, Renounce Religion


You were on level 4 of the Dungeon.
You worshipped Zin.
Zin was aware of your devotion.
You were not hungry.
You were a tree.
You visited 1 branch of the dungeon, and saw 4 of its levels.

You collected 125 gold pieces.
You donated 74 gold pieces to Zin.

Inventory:

Hand Weapons
 a - a +2 dagger (weapon)
 b - a +0 blowgun
 x - a +0 war axe
Missiles
 e - 5 poisoned needles
 f - 2 curare-tipped needles
 h - 126 stones (quivered)
 s - 14 sling bullets
Armour
 c - a +0 robe (melded)
 d - a +0 cloak (melded)
 j - a +0 robe
Jewellery
 q - a ring of magical power (left branch)
 y - an uncursed amulet of harm {unknown}
Wands
 w - a wand of enslavement (5)
Scrolls
 i - a scroll of amnesia {unknown}
 l - a scroll of identify {unknown}
 r - a scroll of noise {unknown}
 t - a scroll of enchant weapon {unknown}
Potions
 k - a potion of lignification
 n - 2 potions of curing
 u - a potion of heal wounds {unknown}
 v - a potion of resistance {unknown}
Comestibles
 g - 7 rations


   Skills:
 + Level 2.0 Fighting
 + Level 2.9 Short Blades
 * Level 0.1 Axes
 + Level 2.4 Throwing
 + Level 2.2 Dodging
 * Level 8.4 Stealth
 * Level 0.5 Invocations


You had 4 spell levels left.
You didn't know any spells.
Your spell library was empty.

Dungeon Overview and Level Annotations

Branches:
Dungeon (4/15)             Temple (0/1) D:4

Altars:
Elyvilon
Nemelex Xobeh
Okawaru
Wu Jian
Zin

Annotations:
D:2 2 transporters
D:4 Grinder


Innate Abilities, Weirdness & Mutations

You are very small and have problems with some larger weapons.
You are too small for most types of armour.
You have supernaturally acute eyesight. (SInv)
You are a herbivore.
((You cover ground extremely quickly.))
You need to consume almost no food.


Message History

You hit the orc priest.
The orc priest is almost dead.
The orc priest hits you but does no damage.
Grinder hits you.
* * * LOW HITPOINT WARNING * * *
As you read the scroll labeled GIVVOD DEUSM, it crumbles to dust.
You cannot blink because you are held in place by your roots.
It was a scroll of blinking.
You kill the orc priest!
Your Fighting skill increases to level 2!
You have reached level 5!
You feel agile. Grinder hits you but does no damage.
As you read the scroll labeled VICZUGOUTU, it crumbles to dust.
You feel aware of your surroundings.
You sensed 1 altar.
It was a scroll of magic mapping.
Grinder barely misses you.
As you read the scroll labeled BOS QICSU SUAL, it crumbles to dust.
You smell the scent of fear.
It was a scroll of random uselessness.
The orc hits you but does no damage. Grinder hits you.
You die...

,,******#...............##.###
,>***** ####.........#####.#
,,,,,,* ##..........<# #.#
,,,,,,*##⌠.⌠.........# #.#
,,,,,,,).._..........# #.####
,,,.o....⌠.⌠......^..# #....#
,,,........#.........# ####.#
,,,.......*#...5o....########.###
,,,.......*##(.o♣.....†.....#....
,,,.......* #.#############.#####
***###†..5###......# #.#####
*......oo.5......# #.##...
*.........o......# #.##.##
***..##........[...# #.##.#
,,,,,*#............# #....#
,***,#.............# ######
,***,#.>...........#


You could see Grinder and 2 orcs.

Vanquished Creatures
  An orc priest (D:4)
  5 adders
  3 oozes
  2 dart slugs
  2 leopard geckos (D:2)
  2 orcs
  8 bats
  A giant cockroach (D:3)
  8 goblins
  4 hobgoblins
  7 jackals
  2 quokkas
  7 frilled lizards
  3 kobolds
  9 rats
64 creatures vanquished.

Vanquished Creatures (others)
  A hound (D:4)
  A leopard gecko (D:2)
  A quokka (D:2)
3 creatures vanquished.

Grand Total: 67 creatures vanquished

Notes
Turn   | Place    | Note
-------+----------+-------------------------------------------
     0 | D:1      | FishyPogo the Spriggan Assassin began the quest for the
                  | Orb.
     0 | D:1      | Reached XP level 1. HP: 10/10 MP: 2/2
    13 | D:1      | Reached skill level 6 in Stealth
    71 | D:1      | Reached XP level 2. HP: 14/14 MP: 3/3
   330 | D:1      | Reached skill level 7 in Stealth
   595 | D:2      | Found a white marble altar of Elyvilon.
   634 | D:2      | Reached XP level 3. HP: 18/18 MP: 4/4
   647 | D:2      | Found an ornate altar of the Wu Jian Council.
   647 | D:2      | Found an iron altar of Okawaru.
   650 | D:2      | Noticed a centaur
   652 | D:2      | Found a transporter.
   659 | D:2      | Found a transporter.
  1272 | D:2      | Found a glowing silver altar of Zin.
  1273 | D:2      | Noticed an angel
  1282 | D:2      | Became a worshipper of Zin the Law-Giver
  1287 | D:2      | Donated 38 gold pieces to Zin
  1733 | D:2      | Reached XP level 4. HP: 19/23 MP: 5/5
  1752 | D:2      | Donated 24 gold pieces to Zin
  1862 | D:3      | Reached skill level 8 in Stealth
  2012 | D:3      | Reached * piety under Zin
  2838 | D:4      | Found a sparkling altar of Nemelex Xobeh.
  2874 | D:4      | Found a staircase to the Ecumenical Temple.
  2879 | D:4      | Noticed Grinder
  2909 | D:4      | Reached XP level 5. HP: 4/26 MP: 6/6
  2911 | D:4      | Slain by Grinder

Skill      XL: |  1  2  3  4 |
---------------+-------------+-----
Stealth        | 6 7 8 |  8.4
Dodging        | 2 |  2.2
Fighting       | 2 |  2.0
Short Blades   | |  2.9
Axes           | |  0.1
Throwing       | |  2.4
Invocations    | |  0.5

Action                   |  1- 3 |  4- 6 || total
-------------------------+-------+-------++-------
Melee: Dagger            |   106 |    95 ||   201
 Fire: Blowgun           |     5 |     8 ||    13
Invok: Donate Gold       |     2 |     1 ||     3
       Recite            |       |     1 ||     1
Evoke: Wand              |       |     6 ||     6
  Use: Potion            |       |     2 ||     2
       Scroll            |       |     3 ||     3
 Stab: Sleeping          |    20 |     9 ||    29
Armor: Robe              |    11 |    14 ||    25
       Skin              |       |    12 ||    12
Dodge: Dodged            |    63 |    70 ||   133
